[Event "Early-Titled-Tuesday-Blitz-February-20-2024"]
[Site "Chess.com"]
[Date "2024.02.20"]
[Round "1"]
[White "dealshark"]
[Black "FontVella8"]
[Result "0-1"]
[WhiteElo "2368"]
[BlackElo "2711"]
[TimeControl "180+1"]
[EndTime "8:07:54 PST"]
[Termination "FontVella8 won by checkmate"]

1. Nf3 Nf6 2. g3 e6 3. Bg2 Be7 4. O-O O-O 5. d4 b6 6. c4 Bb7 7. b3 d6 8. Bb2 Nbd7 9. Nbd2 c5 10. Qc2 Rc8 11. Rad1 Qc7 12. Rfe1 Rfd8 13. Qb1 a6 14. e4 cxd4 15. Nxd4 Qb8 16. Qa1 Qa8 17. Re2 Nc5 18. f3 Bf8 19. Nf1 Re8 20. Rde1 Nd3 21. Rd1 Nxb2 22. Qxb2 Nd7 23. Ne3 g6 24. Ng4 Bg7 25.
Qc1 b5 26. Rc2 Qa7 27. Qe3 Qb6 28. Ne2 bxc4 29. bxc4 Rc5 30. Kh1 Rec8 31. Rdc1 h5 32. Nf2 Rxc4 33. Qxb6 Nxb6 34. Rxc4 Nxc4 35. Rb1 Bc6 36. Nd3 Ne3 37. Bh3 Bb5 38. Nec1 Rc3 39.
Nf4 Rc2 40. Kg1 Bd4 41. Kh1 g5 42. Nxh5 Bf1 43. Bxf1 Nxf1 44. Rb8+ Kh7 45. Nf6+ Bxf6 46. Kg1 Rxc1 47. Rb7 Kg6 48. g4 Ne3+ 49. Kf2 Bd4 50. Ke2 e5 51. Rb8 Rc2+ 52. Kd3 Rxa2 53. h4 Ra3+ 54. Ke2 gxh4 55. Rg8+ Kf6 56. Rh8 a5 57. Rxh4 a4 58. Rh6+ Ke7 59. Rh1 Rb3 60. g5 a3 61. Rh7 a2 62. g6 a1=Q 63. Rxf7+ Ke6 64. g7 Qa2+ 65. Ke1 Bc3# 0-1

[Event "Early-Titled-Tuesday-Blitz-February-20-2024"]
[Site "Chess.com"]
[Date "2024.02.20"]
[Round "1"]
[White "invisible_s0ul"]
[Black "Predator0608"]
[Result "0-1"]
[WhiteElo "2201"]
[BlackElo "2591"]
[TimeControl "180+1"]
[EndTime "8:07:54 PST"]
[Termination "Predator0608 won by resignation"]

1. e4 e6 2. d4 d5 3. Nc3 Nf6 4. exd5 exd5 5. Bd3 Bd6 6. Nge2 c6 7. Bg5 h6 8. Bh4 Be6 9. O-O Nbd7 10. h3 Qc7 11.
Re1 O-O-O 12. Bg3 h5 13. b4 g5 14. b5 h4 15. Bxd6 Qxd6 16. bxc6 bxc6 17. Ba6+ Kc7 18.
Rb1 Rb8 19. Qd2 g4 20. Qf4 gxh3 21. Qxd6+ Kxd6 22. gxh3 Bxh3 23. Nf4 Bf5 24. Bd3 Bxd3 25. Nxd3 Rxb1 26. Rxb1 Ne4 27. Nxe4+ dxe4 28. Nf4 Nb6 29. Kh2 f5 30. Kh3 Rh7 31. Rc1 Nd5 32. Ng6 Rh6 33. Nf8 Ke7 34. c4 Nf4+ 35. Kh2 Kxf8 36. d5 cxd5 37.
cxd5 Nxd5 38. Rc8+ Ke7 39. Ra8 Ra6 40. Rh8 Rxa2 41. Rh7+ Ke6 42. Rxh4 Rxf2+ 43. Kg3 Rf3+ 44. Kg2 Ne3+ 45. Kg1 Ke5 46. Rh7 Kf4 47. Rxa7 Rf1+ 48. Kh2 Ng4+ 49. Kh3 Rf2 50. Ra2 Rxa2 0-1

[Event "Early-Titled-Tuesday-Blitz-February-20-2024"]
[Site "Chess.com"]
[Date "2024.02.20"]
[Round "1"]
[White "KanalSzachowy"]
[Black "Andrey_Klymchuk"]
[Result "0-1"]
[WhiteElo "2399"]
[BlackElo "2735"]
[TimeControl "180+1"]
[EndTime "8:07:55 PST"]
[Termination "Andrey_Klymchuk won by checkmate"]

1. e4 c5 2. Nc3 Nc6 3. Bb5 g6 4. Bxc6 bxc6 5. f4 Bg7 6. Nf3 d6 7. d3 Nh6 8. O-O f5 9. Ng5 O-O 10. Qe1 e5 11. fxe5 Bxe5 12. Qh4 Bg7 13. Kh1 Rb8 14.
Qg3 Ng4 15. h3 Ne5 16. Nf3 Be6 17. Bg5 Qd7 18. Rab1 Nxf3 19. Qxf3 fxe4 20. Qxe4 Bxh3 21. Qc4+ Be6 22. Qh4 d5 23. Ne2 h5 24. Nf4 Bf5 25.
Rbe1 Rbe8 26. Be7 Rf7 27. Bxc5 Bxb2 28. Rxe8+ Qxe8 29. Re1 Qd7 30. Re7 Rxe7 31. Bxe7 Be5 32. Bc5 Qf7 33. Qd8+ Kh7 34. Bd6 Bf6 35. Qb8 Bg4 36.
Be5 g5 37. Bxf6 Qxf6 38. Qb7+ Kh6 39. Nh3 Bxh3 40. gxh3 g4 41. Kh2 Qf2+ 42. Kh1 g3 43.
Qxc6+ Kg7 44. Qd7+ Kg6 45. Qe6+ Kg5 46. Qe5+ Kh4 47.
Qe7+ Kxh3 48. Qe6+ Kh4 49. Qe7+ Kg4 50. Qg7+ Kf3 51.
Qf7+ Ke2 52. Qe7+ Kd1 53. Qf6 Qh2# 0-1

[Event "Early-Titled-Tuesday-Blitz-February-20-2024"]
[Site "Chess.com"]
[Date "2024.02.20"]
[Round "1"]
[White "RobertoJBM"]
[Black "mbchess97"]
[Result "1-0"]
[WhiteElo "2832"]
[BlackElo "2465"]
[TimeControl "180+1"]
[EndTime "8:07:57 PST"]
[Termination "RobertoJBM won by resignation"]

1. d4 Nf6 2. Nf3 e6 3. e3 d5 4. Bd3 b6 5. Qe2 c5 6. c3 Bd6 7. Nbd2 Bb7 8. O-O Nbd7 9. e4 dxe4 10. Nxe4 Nxe4 11. Bxe4 Bxe4 12. Qxe4 O-O 13. Bg5 Be7 14. Bxe7 Qxe7 15. Rfe1 Nf6 16. Qh4 cxd4 17. Nxd4 Qc5 18. Rad1 Rfd8 19. h3 Rd5 20. Nb3 Qd6 21. Rxd5 Qxd5 22.
Qd4 Rd8 23. Qxd5 Rxd5 24. Nd4 Kf8 25. Kf1 Ke7 26. g4 Kd7 27. f4 h5 28. g5 Ne8 29.
Kf2 Nd6 30. Kf3 Nf5 31. Nxf5 Rxf5 32. Rd1+ Kc7 33. Ke4 Ra5 34. a3 f6 35. gxf6 gxf6 36. Rg1 f5+ 37. Ke3 e5 38. Rg5 exf4+ 39. Kxf4 Rb5 40.
b4 Rd5 41. Rxf5 Rd3 42. Rxh5 Rxc3 43. h4 Rxa3 44. Re5 Rb3 45. b5 Rb1 46. h5 Rh1 47. Kg5 Kd6 48. Rf5 a6 49. bxa6 Ra1 50. h6 Rxa6 51. h7 Ra8 52. Kg6 Rh8 53. Kg7 Rxh7+ 54. Kxh7 Kc6 55. Kg6 b5 56. Kg5 b4 57. Kf4 b3 58.
Ke3 b2 59. Rf1 Kc5 60. Kd2 Kb4 61. Kc2 Ka3 62. Rb1 1-0

[Event "Early-Titled-Tuesday-Blitz-February-20-2024"]
[Site "Chess.com"]
[Date "2024.02.20"]
[Round "1"]
[White "Iskusnyh"]
[Black "Shivananda1964"]
[Result "1-0"]
[WhiteElo "2676"]
[BlackElo "2333"]
[TimeControl "180+1"]
[EndTime "8:07:57 PST"]
[Termination "Iskusnyh won by resignation"]

1. d4 Nf6 2. c4 Nc6 3. Nf3 e6 4. g3 Bb4+ 5. Bd2 Qe7 6. Nc3 d6 7. Bg2 O-O 8. O-O a5 9. a3 Bxc3 10. Bxc3 a4 11. Qc2 e5 12. d5 Nb8 13. e4 Nbd7 14.
Rae1 Nc5 15. Nd2 Bd7 16. f4 b5 17. fxe5 Ng4 18. exd6 cxd6 19. Nf3 f6 20. h3 Ne5 21. Nxe5 fxe5 22. Bb4 Rfc8 23. Kh2 Nb3 24. Rf3 Rxc4 25. Qf2 Nd4 26. Rc3 Rac8 27.
Rf1 h6 28. Qe3 Nc2 29. Qd2 Nxb4 30. axb4 Qg5 31. Qf2 Kh7 32. Qa7 Rxc3 33. bxc3 Rxc3 34. Qxd7 Qxg3+ 35. Kh1 Rc2 36. Qf5+ Kh8 37. Qf8+ Kh7 38. Qf5+ Kh8 39. Qg4 Qxg4 40. hxg4 Rb2 41. Rf8+ Kh7 42. Rd8 Rxb4 43. Rxd6 a3 44. g5 a2 45. g6+ 1-0

[Event "Early-Titled-Tuesday-Blitz-February-20-2024"]
[Site "Chess.com"]
[Date "2024.02.20"]
[Round "1"]
[White "chegueps"]
[Black "conformalfunction"]
[Result "0-1"]
[WhiteElo "2671"]
[BlackElo "2385"]
[TimeControl "180+1"]
[EndTime "8:07:58 PST"]
[Termination "conformalfunction won by resignation"]

1. d4 Nf6 2. Nf3 d5 3. Bf4 c6 4. e3 Bg4 5. h3 Bh5 6. Be2 Nbd7 7. Ne5 Bxe2 8. Qxe2 e6 9. Nd2 Be7 10. g4 Nxe5 11.
Bxe5 Bd6 12. O-O-O Bxe5 13. dxe5 Nd7 14. f4 Qa5 15.
Kb1 O-O-O 16. h4 Nc5 17. h5 Ne4 18. Nxe4 dxe4 19. g5 Rxd1+ 20. Rxd1 Rd8 21. Rxd8+ Qxd8 22. b3 a5 23. a4 Qd5 24. h6 g6 25. Qe1 b6 26.
Kb2 Kb7 27. Qa1 Qd2 28. Qc1 Qxc1+ 29. Kxc1 b5 30. Kb2 Kb6 31. Kc3 Kc5 32. axb5 cxb5 33.
b4+ Kb6 34. bxa5+ Kxa5 35. Kb3 b4 36. Kc4 Ka4 37. Kd4 b3 38. cxb3+ Kxb3 39. Kxe4 Kc4 40. Kf3 Kd3 41. Kf2 Kd2 42. Kf3 Kd3 43. Kf2 Kd2 44. e4 Kd3 45. Kf3 Kd4 46. f5 Kd3 47. f6 Kd4 48. Kf4 Kd3 49. Kf3 Kd2 50. Kf4 Ke2 51.
Kg4 Ke3 52. Kg3 Kxe4 53. Kf2 Kxe5 54. Ke3 Kf5 55. Kd4 Kxg5 56. Kc5 Kxf6 57. Kd6 e5 0-1

[Event "Early-Titled-Tuesday-Blitz-February-20-2024"]
[Site "Chess.com"]
[Date "2024.02.20"]
[Round "1"]
[White "arenal72"]
[Black "lrestevez"]
[Result "1/2-1/2"]
[WhiteElo "2572"]
[BlackElo "2191"]
[TimeControl "180+1"]
[EndTime "8:07:58 PST"]
[Termination "Game drawn by stalemate"]

1. c4 Nf6 2. Nc3 e6 3. e4 d5 4.
cxd5 exd5 5. e5 d4 6. exf6 dxc3 7.
fxg7 cxd2+ 8. Qxd2 Qxd2+ 9. Bxd2 Bxg7 10. O-O-O O-O 11. Bc4 Bf5 12. Nf3 Nc6 13. Rhe1 Rfe8 14.
Ng5 Bg6 15. f4 h6 16. Nf3 a5 17. g4 Be4 18. Ne5 Nxe5 19. Rxe4 Nxc4 20. Rxc4 c6 21. Re1 Rxe1+ 22. Bxe1 a4 23. Re4 Bf6 24. f5 a3 25. b3 Rd8 26. Bb4 Bb2+ 27. Kc2 b6 28. Be7 Rd5 29. f6 Kh7 30. h4 Kg6 31. Ra4 b5 32.
Ra7 c5 33. Rc7 Bd4 34. b4 c4 35. Rc8 Be5 36. Rg8+ Kh7 37. Rg7+ Kh8 38. Rxf7 c3 39.
Rf8+ Kh7 40. f7 Kg7 41. Rd8 Rxd8 42. Bxd8 Kxf7 43. Bb6 Ke6 44. Bf2 Kd5 45. Kb3 Ke4 46. g5 hxg5 47. hxg5 Kd3 48. g6 c2 49. Be3 Kxe3 50.
Kxc2 Bb2 51. Kb3 Kd3 52. g7 Bxg7 53. Kxa3 Kc4 1/2-1/2

[Event "Early-Titled-Tuesday-Blitz-February-20-2024"]
[Site "Chess.com"]
[Date "2024.02.20"]
[Round "1"]
[White "ExtremeLearner"]
[Black "aRk_iN"]
[Result "1-0"]
[WhiteElo "2575"]
[BlackElo "2162"]
[TimeControl "180+1"]
[EndTime "8:07:58 PST"]
[Termination "ExtremeLearner won by resignation"]

1. d4 d5 2. c4 c6 3. Nf3 Nf6 4. Nc3 dxc4 5. e4 b5 6. Be2 e6 7.
a4 Bb4 8. Qc2 Bb7 9. O-O a6 10.
e5 Nd5 11. Ne4 h6 12. Bd2 Be7 13. b3 cxb3 14. Qxb3 Nd7 15. Rfc1 O-O 16. a5 Rc8 17. Nc5 Nxc5 18. dxc5 Rc7 19. Bd3 Bc8 20. Ra2 f5 21.
exf6 Bxf6 22. Bb1 Rcf7 23. Qd3 g5 24. Qg6+ Rg7 25. Qxh6 g4 26. Ne1 Ne7 27. Qe3 Nf5 28. Qe4 Qd5 29. Bf4 Qxa2 30. Qxc6 Qd5 31. Qxd5 exd5 32.
Nd3 Nd4 33. Kf1 Bf5 34. Nb4 Bxb1 35. Rxb1 Rc8 36. Nxd5 Bd8 37. Be5 Ne6 38. Bxg7 Nxg7 39. Rc1 Bxa5 40. Ne7+ Kf7 41. Nxc8 Ne6 42. c6 Nc7 43.
Nd6+ Ke7 44. Nb7 Ke6 45. Nxa5 Kd5 46. Rd1+ Kc5 47. Rd7 Kb6 48. Ke2 Ne6 49. Rb7+ Kxa5 50.
c7 Nxc7 51. Rxc7 Kb6 52. Rg7 a5 53. Rxg4 Kc5 54. Kd3 a4 55. Kc3 a3 56. Kb3 b4 57.
Rxb4 1-0

[Event "Early-Titled-Tuesday-Blitz-February-20-2024"]
[Site "Chess.com"]
[Date "2024.02.20"]
[Round "1"]
[White "Art10ECHR"]
[Black "Byniolus"]
[Result "1/2-1/2"]
[WhiteElo "2474"]
[BlackElo "2827"]
[TimeControl "180+1"]
[EndTime "8:08:00 PST"]
[Termination "Game drawn by agreement"]

1. d4 d6 2. e4 Nf6 3. Nc3 c6 4.
f4 Qb6 5. Be3 Qxb2 6. Nge2 Qa3 7. h3 Nxe4 8. Qd3 Nxc3 9. Nxc3 Bf5 10. Qd2 e6 11. g4 Bg6 12. Bg2 d5 13. Rb1 Bb4 14.
Rb3 Qa5 15. O-O Nd7 16. f5 exf5 17. gxf5 Bh5 18. Bg5 O-O 19. f6 Rfe8 20. fxg7 Re2 21. Qd3 Rae8 22. Nxe2 Bxe2 23. Qf5 Bxf1 24. Rf3 f6 25. Qxd7 Qd8 26. Qf5 Bxg2 27. Bxf6 Qc8 28. Qxc8 Rxc8 29. Kxg2 Rc7 30. Be5 Rf7 31. h4 a5 32. Re3 h5 33. Rg3 Be7 34. Rg6 Bxh4 35. Rh6 Rxg7+ 36. Bxg7 Kxg7 37. Rxh5 Bf6 38. c3 Kf7 39.
Rh7+ Bg7 40. Kf3 b5 41. a3 Kg6 42. Rh1 Kf7 43. Rh7 Kg6 44. Rh2 Kf7 45. Re2 Bf8 46. Ke3 Bxa3 47. Ra2 b4 48. cxb4 axb4 49. Kd3 Ke6 50. Re2+ Kd6 51. Kc2 c5 52. dxc5+ Kxc5 53. Kb3 Kb5 54. Re5 Kc5 55. Re8 Kd4 56. Rh8 Kc5 57.
Rc8+ Kd4 1/2-1/2

[Event "Early-Titled-Tuesday-Blitz-February-20-2024"]
[Site "Chess.com"]
[Date "2024.02.20"]
[Round "1"]
[White "SchmakAttack"]
[Black "el_sporco"]
[Result "1-0"]
[WhiteElo "2813"]
[BlackElo "2461"]
[TimeControl "180+1"]
[EndTime "8:08:00 PST"]
[Termination "SchmakAttack won by resignation"]

1. c4 e6 2. g3 Nf6 3. Bg2 d5 4. Nf3 Be7 5. O-O O-O 6. b3 a5 7. Bb2 a4 8. d3 a3 9. Bc3 Nc6 10. e3 b5 11. cxb5 Na7 12. Nd4 Bd7 13. Nd2 Nxb5 14. Nxb5 Bxb5 15. Nf3 c5 16. Rc1 Nd7 17.
Re1 Bf6 18. Bxf6 Qxf6 19. d4 c4 20. bxc4 Bxc4 21. Nd2 Nb6 22. Nxc4 Nxc4 23. Rxc4 dxc4 24. Bxa8 Rxa8 25. Qc1 Ra4 26. Qc2 Rb4 27. Qc3 Rb2 28. Rf1 h5 29. Qxa3 Re2 30. Qa6 h4 31. Qa8+ Kh7 32.
a4 c3 33. Qe4+ g6 34. Qxh4+ Qxh4 35. gxh4 Ra2 36. Rc1 Rxa4 37. Rxc3 Kh6 38. Rc7 f5 39. Kg2 e5 40. dxe5 Re4 41. Rc5 Kh5 42. Kg3 Rg4+ 43.
Kf3 Re4 44. Ke2 Rxh4 45. Rc8 Re4 46. f4 Kg4 47. Rg8 Kh5 48. Rh8+ Kg4 49. Rh6 g5 50. Rg6 Kh3 51. Rxg5 Ra4 52. Kf3 Kh4 53. Rxf5 Ra3 54.
Rg5 Rxe3+ 55. Kxe3 1-0

[Event "Early-Titled-Tuesday-Blitz-February-20-2024"]
[Site "Chess.com"]
[Date "2024.02.20"]
[Round "1"]
[White "Chemim21"]
[Black "AmanteDeMoi"]
[Result "0-1"]
[WhiteElo "2229"]
[BlackElo "2602"]
[TimeControl "180+1"]
[EndTime "8:08:00 PST"]
[Termination "AmanteDeMoi won on time"]

1. e4 g6 2. d4 Bg7 3. Nc3 c6 4. Be3 d5 5. Qd2 dxe4 6. Nxe4 Nd7 7. Nf3 Ngf6 8. Ng3 h5 9. h4 Ng4 10. Bc4 Nb6 11. Bb3 Nd5 12. O-O-O Qc7 13. Bxd5 cxd5 14. Kb1 Bd7 15. Ne2 Rc8 16. Nc3 Qc4 17. Rhe1 O-O 18. Bg5 e6 19. Bf4 b6 20. Ne5 Nxe5 21.
Bxe5 f6 22. Bf4 b5 23. Bh6 b4 24. Bxg7 Kxg7 25. Ne2 Rc6 26. Nf4 Rfc8 27. Rc1 a5 28. Qd3 Qxd3 29. Nxd3 Kf7 30. Nc5 Be8 31. f4 Ke7 32.
Re2 Rxc5 33. dxc5 Rxc5 34. Rce1 Bd7 35. Re3 Kd6 36. c3 Rc4 37. g3 bxc3 38. Rxc3 Rb4 39. Rb3 Rxb3 40. axb3 e5 41. Kc2 Bf5+ 42. Kc3 d4+ 43. Kd2 e4 44. Ra1 e3+ 45. Ke2 Kd5 46. Rxa5+ Ke4 47. Ra4 Bg4+ 48. Ke1 Kd3 49. Ra6 Kc2 0-1

[Event "Early-Titled-Tuesday-Blitz-February-20-2024"]
[Site "Chess.com"]
[Date "2024.02.20"]
[Round "1"]
[White "artooon"]
[Black "NovoselovRoman"]
[Result "1/2-1/2"]
[WhiteElo "3045"]
[BlackElo "2539"]
[TimeControl "180+1"]
[EndTime "8:08:01 PST"]
[Termination "Game drawn by repetition"]

1. e4 e6 2. d4 d5 3. Nd2 dxe4 4. Nxe4 Nd7 5. Nf3 Ngf6 6. Ng3 c5 7. Be3 cxd4 8.
Bxd4 Be7 9. Be2 O-O 10. O-O b6 11. Ne1 Bb7 12. Bf3 Qc7 13. Bxb7 Qxb7 14. Qe2 Bc5 15. Nf3 Rac8 16. c3 Bxd4 17. Nxd4 Nc5 18. Rad1 Rfd8 19. Nf3 h6 20. h3 Rd5 21. Rd4 Rcd8 22. Re1 Rxd4 23. Nxd4 Rd5 24. Qf3 Qd7 25. Kh2 Qd6 26. Kg1 Qd7 27. b3 a5 28. Kh1 Qd6 29.
Nf1 e5 30. Nf5 Qe6 31. N1e3 e4 32. Nxd5 exf3 33. Rxe6 fxg2+ 34. Kxg2 fxe6 35. Nxh6+ Kh7 36. Nxf6+ gxf6 37. Ng4 Kg6 38. Ne3 Ne4 39. Nd1 Kf5 40. f3 Nc5 41. h4 Nd3 42. Ne3+ Kf4 43. Nc2 e5 44. b4 f5 45. a4 e4 46. fxe4 fxe4 47. Kf1 Kg4 48. bxa5 bxa5 49. Ne3+ Kxh4 50. Nc4 Nc5 51. Nb6 Kg3 52. Ke2 Kf4 53. Nd5+ Ke5 54.
Nb6 Kf4 55. Nd5+ Ke5 56. Nb6 Kf4 1/2-1/2

[Event "Early-Titled-Tuesday-Blitz-February-20-2024"]
[Site "Chess.com"]
[Date "2024.02.20"]
[Round "1"]
[White "Njal28"]
[Black "SHIVACalypso"]
[Result "1-0"]
[WhiteElo "2974"]
[BlackElo "2518"]
[TimeControl "180+1"]
[EndTime "8:08:01 PST"]
[Termination "Njal28 won by resignation"]

1. d4 Nf6 2. Nf3 e6 3. c4 b6 4. g3 Bb7 5. Bg2 Be7 6. O-O O-O 7. h4 d6 8. Re1 Nbd7 9. Nc3 Ne4 10. Qc2 Nxc3 11. bxc3 f5 12. Ng5 Bxg5 13. Bxb7 Bxc1 14. Bxa8 Qxa8 15. Raxc1 f4 16. Qd3 e5 17. e4 Qe8 18.
Kg2 Qh5 19. Qf3 Qg6 20. g4 Nf6 21. Kh3 h5 22. gxh5 Nxh5 23. Rg1 Qe6+ 24. Qg4 Qxg4+ 25. Kxg4 Nf6+ 26. Kf3 Kf7 27. dxe5 dxe5 28. Rg5 Rh8 29. Rcg1 Rxh4 30. Rxe5 Rh3+ 31. Kxf4 Rxc3 32. Reg5 Rxc4 33. f3 Ne8 34. Ke3 Rc2 35. R1g2 Rc3+ 36. Kf4 a5 37. e5 Rc4+ 38. Kf5 Rc5 39. Ke4 Rc4+ 40. Ke3 Ke6 41.
f4 Rc3+ 42. Kd4 Ra3 43. f5+ Kf7 44. Ke4 Ra4+ 45. Kd5 Ra3 46. R5g3 Ra4 47. Kc6 Rc4+ 48. Kd5 Rc5+ 49. Ke4 Rc4+ 50. Kd3 Rc5 51. Kd4 Ke7 52. Rxg7+ Nxg7 53. Rxg7+ Kf8 54. f6 Rc2 55. e6 Rxa2 56.
e7+ Ke8 57. Rg8+ Kd7 58. e8=Q+ 1-0

[Event "Early-Titled-Tuesday-Blitz-February-20-2024"]
[Site "Chess.com"]
[Date "2024.02.20"]
[Round "1"]
[White "only_strong_moves"]
[Black "mertfelin"]
[Result "1/2-1/2"]
[WhiteElo "2666"]
[BlackElo "2338"]
[TimeControl "180+1"]
[EndTime "8:08:02 PST"]
[Termination "Game drawn by repetition"]

1. e4 e5 2. Nf3 Nc6 3. Bb5 a6 4. Ba4 Nf6 5. O-O d6 6. d4 b5 7.
Bb3 Nxd4 8. Nxd4 exd4 9. Re1 c5 10. c3 c4 11. Bxc4 bxc4 12. Qxd4 Be7 13. Qxc4 O-O 14. Bg5 a5 15. Nd2 Be6 16. Qd4 Rb8 17. b3 Qc7 18. c4 h6 19. Bf4 Nh5 20. Qe3 Nxf4 21. Qxf4 Bf6 22. Rad1 a4 23. h4 axb3 24. axb3 Qe7 25.
g3 Be5 26. Qe3 Rfd8 27. f4 Bb2 28. Rb1 Ba3 29. Kg2 Bc5 30. Qe2 Qf6 31. Qd3 Rb4 32.
Ra1 Rdb8 33. Ra6 Qd4 34. Qxd4 Bxd4 35. Rxd6 Bc3 36. f5 Bc8 37. Rb1 Bb7 38. Kf3 Re8 39. Re1 Bxd2 40. Rxd2 Rxb3+ 41. Kf4 Rc3 42. Rd4 Kh7 43.
Rb1 Ba6 44. Rb4 Rc8 45. Rd7 Kg8 46. g4 R3xc4 47. Rb6 Ra8 48. g5 hxg5+ 49. hxg5 Ra4 50. g6 fxg6 51. Rxg6 Bc4 52. Rgxg7+ Kf8 53. Rh7 Bg8 54. Rh8 Rc8 55. f6 Ra6 56. Kf5 Rc5+ 57. e5 Raa5 58. Rd8+ Kf7 59. Rd7+ Kf8 60. Rd8+ Kf7 61. Rd7+ Kf8 1/2-1/2

[Event "Early-Titled-Tuesday-Blitz-February-20-2024"]
[Site "Chess.com"]
[Date "2024.02.20"]
[Round "1"]
[White "ilya2700"]
[Black "SnekkerAndersen"]
[Result "1-0"]
[WhiteElo "2337"]
[BlackElo "2638"]
[TimeControl "180+1"]
[EndTime "8:08:02 PST"]
[Termination "ilya2700 won by checkmate"]

1. d4 d5 2. c4 e6 3. Nf3 Nf6 4. Nc3 Be7 5. Bg5 O-O 6. e3 Nbd7 7.
Bd3 c5 8. O-O b6 9. cxd5 Nxd5 10.
Nxd5 Bxg5 11. Nc3 Bf6 12. Qe2 Bb7 13. Rad1 Qe7 14. Bb1 Rfd8 15. Ne4 Rac8 16. Ng3 cxd4 17. exd4 g6 18. Rfe1 Qb4 19. Ne4 Bg7 20. Nc3 Nf6 21.
Ne5 Nd5 22. a3 Nxc3 23. bxc3 Qxc3 24. Nxf7 Re8 25. Ng5 Bd5 26. Be4 Bc4 27. Qg4 Qxa3 28. Nxh7 Qe7 29. Qxg6 Qf7 30. Qg3 Red8 31. Bg6 Qe7 32.
Ng5 Qf6 33. Bf7+ Kh8 34. Bxe6 Bxe6 35. Rxe6 Qf5 36. Qh4+ Kg8 37. Ree1 Bf6 38. f4 Rxd4 39. Qg3 Rxd1 40. Rxd1 Bxg5 41. fxg5 Rf8 42. h4 a5 43. Re1 a4 44. Kh2 b5 45. Re7 b4 46. g6 b3 47.
g7 Rf7 48. Re8+ Kh7 49. g8=Q+ Kh6 50. Qh8+ Rh7 51. Qf8+ Kh5 52. Qxf5+ Kh6 53. Qfg5# 1-0

[Event "Early-Titled-Tuesday-Blitz-February-20-2024"]
[Site "Chess.com"]
[Date "2024.02.20"]
[Round "1"]
[White "fabianvivasz"]
[Black "Aygehovit1992"]
[Result "0-1"]
[WhiteElo "2361"]
[BlackElo "2691"]
[TimeControl "180+1"]
[EndTime "8:08:03 PST"]
[Termination "Aygehovit1992 won by resignation"]

1. e4 c5 2. Nf3 e6 3. d4 cxd4 4. Nxd4 Nc6 5. Nc3 Qc7 6. Be3 a6 7. g4 h6 8. h4 b5 9. Nxc6 Qxc6 10. Qd2 Nf6 11. Rg1 b4 12. Ne2 Nxe4 13. Qd3 Bb7 14. Bg2 Rc8 15. O-O-O Bc5 16. Bxe4 Bxe3+ 17. fxe3 Qxe4 18.
Qxd7+ Kf8 19. Rd3 Qc6 20. Qxc6 Bxc6 21. Rf1 Ke7 22. Kd2 Be4 23. Rd4 Rxc2+ 24. Kd1 Rxb2 25. Rxe4 Rb1+ 26. Nc1 Rc8 27. Kd2 Rb2+ 28. Kd3 Rc3+ 29. Kd4 Rb1 30. Ne2 Rxf1 31. Nxc3 bxc3 32. Kxc3 f5 33.
Ra4 fxg4 34. Rxg4 Kf6 35. Ra4 Rh1 36. Kd3 Rd1+ 37. Kc4 Rd6 38. Kc5 Rd5+ 39. Kb6 Rd3 40. e4 g5 41. hxg5+ hxg5 42. Kxa6 g4 43. e5+ Kf5 44.
Kb5 g3 45. Ra8 Rd5+ 46. Kc4 Rxe5 47. Rg8 Kf4 48. a4 Rg5 49. Rf8+ Ke3 50. Rf1 g2 51. Rg1 Kf2 52. Ra1 g1=Q 0-1

[Event "Early-Titled-Tuesday-Blitz-February-20-2024"]
[Site "Chess.com"]
[Date "2024.02.20"]
[Round "1"]
[White "brm72"]
[Black "Heinza9"]
[Result "0-1"]
[WhiteElo "2620"]
[BlackElo "2304"]
[TimeControl "180+1"]
[EndTime "8:08:03 PST"]
[Termination "Heinza9 won on time"]

1. e4 e5 2. Bc4 Nf6 3. d4 exd4 4. Nf3 Nxe4 5. Qxd4 Nf6 6. O-O d5 7. Re1+ Be7 8. Bd3 Nc6 9. Qh4 Be6 10. Ng5 Qd7 11.
Nxe6 fxe6 12. Bg6+ Kf8 13. Bd3 Re8 14. Nc3 e5 15. Bg5 e4 16. Bb5 a6 17. Ba4 Qf5 18.
Rad1 b5 19. Bb3 d4 20. Ne2 h6 21. Bxf6 Bxf6 22. Qf4 g6 23. Qxf5 gxf5 24. Ng3 Ne7 25. Be6 c5 26. Nxf5 Nxf5 27. Bxf5 e3 28. fxe3 dxe3 29.
c3 Re5 30. Bg4 Kg7 31. Bf3 Rhe8 32. Rd7+ R8e7 33. Rd6 R7e6 34. Rd7+ Re7 35. Rd6 R5e6 36. Rd3 c4 37. Rd5 Re5 38. Rd6 e2 39. Rd2 Bg5 40.
Rc2 Be3+ 41. Kh1 Bf2 42. Rcc1 Bxe1 43. Rxe1 Re3 44. Kg1 Kf6 45. Kf2 Kg5 46. Bxe2 R3e5 47.
g3 Rf7+ 48. Kg2 h5 49. h3 Rd7 50. Kf2 Rd2 51. b3 Rxa2 52. bxc4 bxc4 53. Kf3 Rc2 54.
h4+ Kf6 55. Kf2 Rxc3 56. Ra1 Re6 0-1

[Event "Early-Titled-Tuesday-Blitz-February-20-2024"]
[Site "Chess.com"]
[Date "2024.02.20"]
[Round "1"]
[White "NM_Antelacus"]
[Black "Dinosaurio_1975"]
[Result "0-1"]
[WhiteElo "2246"]
[BlackElo "2610"]
[TimeControl "180+1"]
[EndTime "8:08:03 PST"]
[Termination "Dinosaurio_1975 won by checkmate"]

1. e4 e6 2. d4 d5 3. e5 c5 4. c3 Nc6 5. Nf3 Bd7 6. a3 c4 7. Be2 Qc7 8. O-O O-O-O 9. Ng5 Be8 10. f4 Kb8 11. Be3 f6 12. Nf3 Na5 13. Nbd2 Ne7 14. Bf2 Bd7 15. Qc2 Nc8 16. b4 cxb3 17. Nxb3 Ba4 18.
Nfd2 Nb6 19. Rab1 Rc8 20. Rfc1 Bxa3 21. Qa2 Bxc1 22. Rxc1 Nxb3 23. Nxb3 Bxb3 24. Qxb3 Nc4 25. Bxc4 Qxc4 26. Qa3 Rhe8 27. h3 Rc6 28. Qb2 Rb6 29.
Qd2 Rc8 30. Qe3 f5 31. g4 fxg4 32. hxg4 g6 33. Kg2 Rb3 34. Be1 Rb2+ 35. Bd2 Qa2 36. Rd1 Qb3 37. Rc1 Rc2 38. Rxc2 Qxc2 39. Kg3 a5 40. c4 Rxc4 41. Bxa5 Qa4 42. Bb6 Qc6 43. Bc5 b6 44. Bd6+ Kb7 45. Kh4 Rc3 46. Qe2 Rc2 47. Qd3 Rc3 48. Qe2 h6 49. f5 exf5 50. gxf5 gxf5 51. Qh5 f4 52. Qf7+ Ka6 53. Qxf4 Qd7 54. Qf6 Rh3# 0-1

[Event "Early-Titled-Tuesday-Blitz-February-20-2024"]
[Site "Chess.com"]
[Date "2024.02.20"]
[Round "1"]
[White "rquery98"]
[Black "LimeInTheCoconut"]
[Result "1-0"]
[WhiteElo "2761"]
[BlackElo "2412"]
[TimeControl "180+1"]
[EndTime "8:08:06 PST"]
[Termination "rquery98 won by resignation"]

1. c4 e5 2. g3 Nf6 3. Bg2 c6 4. Nf3 e4 5. Nd4 Qb6 6. Nb3 d5 7. cxd5 cxd5 8. d3 Bb4+ 9. Bd2 e3 10. fxe3 Ng4 11. Bxb4 Qxb4+ 12. Qd2 Qb6 13. Nd4 Qh6 14.
e4 Ne3 15. Bf3 dxe4 16. Bxe4 O-O 17. Nc2 Nxc2+ 18. Qxc2 Nc6 19. Qd2 Qxd2+ 20. Kxd2 Bd7 21. Nc3 Rac8 22. e3 Rfd8 23. d4 b6 24. Rhf1 Ne7 25. Rf2 Bc6 26. Bd3 f6 27. Raf1 Nd5 28. g4 Nxc3 29. bxc3 Bd5 30. a3 Bc4 31. e4 Bxd3 32.
Kxd3 b5 33. Rb2 a6 34. a4 bxa4 35. Ra1 Rb8 36. Rxb8 Rxb8 37. Rxa4 Ra8 38. c4 Kf7 39. c5 Ke6 40. Kc4 Kd7 41. d5 Kc7 42. Kd4 Kb7 43.
Rb4+ Kc7 44. d6+ Kc6 45. Rb6+ Kd7 46. Kd5 Ra7 47. Rb7+ Rxb7 48. c6+ Kc8 49. cxb7+ Kxb7 50. Ke6 Kc8 51. Ke7 1-0

[Event "Early-Titled-Tuesday-Blitz-February-20-2024"]
[Site "Chess.com"]
[Date "2024.02.20"]
[Round "1"]
[White "Kunalm64"]
[Black "Bauman_Guy"]
[Result "0-1"]
[WhiteElo "2500"]
[BlackElo "2899"]
[TimeControl "180+1"]
[EndTime "8:08:08 PST"]
[Termination "Bauman_Guy won by resignation"]

1. e4 c5 2. Nf3 d6 3. Bb5+ Nd7 4. d4 cxd4 5. Qxd4 a6 6. Bxd7+ Qxd7 7. c4 e5 8. Qd3 Qc6 9. Nc3 Be6 10. b3 Rc8 11.
Bb2 Nf6 12. O-O Be7 13. Nd5 Bxd5 14. exd5 Qd7 15. Nd2 O-O 16. a4 a5 17. f4 Qc7 18.
fxe5 dxe5 19. Kh1 Nd7 20. Rae1 Nc5 21. Qh3 f6 22. Ne4 Qb6 23. Nxc5 Bxc5 24. Qd3 Rce8 25. Re4 Bd6 26. Re2 Qc7 27. h3 b6 28. g4 Qd7 29. Qf5 Qxf5 30. Rxf5 Kf7 31. Kg2 Ke7 32. Bc1 Kd7 33. Be3 Bc5 34. Bxc5 bxc5 35. g5 Kd6 36. Ref2 Ke7 37. R2f3 Rb8 38. Kf2 Rb6 39. gxf6+ gxf6 40. Rh5 Rf7 41. Rg3 f5 42. Rhg5 e4 43. Rg7 Kf6 44.
Rxf7+ Kxf7 45. Ke3 Rxb3+ 46. Kf4 Rb4 47. Kxf5 Rxc4 48. Ke5 Rxa4 49. d6 Rd4 50. Rb3 a4 51.
Rb7+ Kg6 52. h4 e3 53. h5+ Kh6 54. d7 e2 55. Rb6+ Kxh5 0-1